 Dungeon Crawl Stone Soup version 0.21.0-24-g2553a33 (webtiles) character file.

20 mopl the Vexing (level 2, -3/19 HPs)
             Began as a Mummy Enchanter on Jan 19, 2018.
             Killed from afar by Natasha (4 damage)
             ... with a magic dart
             ... on level 2 of the Dungeon.
             The game lasted 00:01:37 (893 turns).

mopl the Vexing (Mummy Enchanter)                    Turns: 893, Time: 00:01:39

Health: -3/19      AC:  2    Str: 11    XL:     2   Next: 58%
Magic:  1/6        EV: 12    Int: 14    God:
Gold:   83         SH:  0    Dex: 12    Spells: 4/7 levels left

rFire    x . .     SeeInvis .   a - +1 dagger
rCold    + . .     Gourm    .   (no shield)
rNeg     + + +     Faith    .   b - +0 robe
rPois    ∞         Spirit   .   (no helmet)
rElec    .         Reflect  .   (no cloak)
rCorr    .         Harm     .   (no gloves)
MR       .....                  (no boots)
Stlth    ++........             (no amulet)
HPRegen  0.06/turn              (no ring)
MPRegen  0.10/turn              (no ring)

@: very slightly contaminated, slowed, very slow
A: no food or potions, fire vulnerability, cold resistance 1, negative energy
resistance 3, torment resistance, unbreathing
a: no special abilities


You were on level 2 of the Dungeon.
You were not hungry.

You visited 1 branch of the dungeon, and saw 2 of its levels.

You collected 83 gold pieces.

Inventory:

Hand Weapons
 a - a +1 dagger (weapon)
Missiles
 d - 37 stones (quivered)
 f - a throwing net
Armour
 b - a +0 robe (worn)
 h - a +2 helmet
Jewellery
 g - an uncursed ring of stealth {unknown}
Scrolls
 e - a scroll of magic mapping {unknown}
Books
 c - a book of Maledictions

   Spells                             Type                      Level
   a - Corona                         Hexes                        1
   b - Ensorcelled Hibernation        Hexes/Ice                    2
   c - Confuse                        Hexes                        3
   d - Tukima's Dance                 Hexes                        3
   e - Dazzling Spray                 Conjuration/Hexes            3


   Skills:
 - Level 0.7 Short Blades
 - Level 1.5 Dodging
 * Level 2.8 Stealth
 - Level 3.0 Spellcasting
 * Level 3.0 Hexes
 + Level 0.2 Ice Magic


You had 4 spell levels left.
You knew the following spells:

 Your Spells              Type           Power        Failure   Level  Hunger
a - Corona                Hex            ##.....      6%          1    N/A
b - Ensorcelled Hibernat  Hex/Ice        #.....       17%         2    N/A

Dungeon Overview and Level Annotations

Branches:
Dungeon (2/15)

Altars:

Annotations:
D:2 Natasha


Innate Abilities, Weirdness & Mutations

You do not eat or drink.
Your flesh is vulnerable to fire.
You are immune to poison.
Your flesh is cold resistant. (rC+)
You are immune to negative energy. (rN+++)
You are immune to unholy pain and torment.
You can survive without breathing.


Message History

Aim: Natasha (chance to defeat MR: 37%) Natasha easily resists.
Natasha stares at you and mumbles some strange words.
You feel as though you will be slow longer.
Natasha claws you.
Casting: Ensorcelled Hibernation
Confirm with . or Enter, or press ? or * to list all spells.
Aiming: Ensorcelled Hibernation
Press: ? - help, Shift-Dir - straight line, f/p - Natasha
Aim: Natasha (chance to defeat MR: 37%) Natasha easily resists.
Natasha barely misses you. Natasha claws you.
Natasha mumbles some strange words.
Natasha casts a spell at you. You resist with significant effort.
Natasha claws you!
* * * LOW HITPOINT WARNING * * *
Natasha stares at you and mumbles some strange words.
The magic dart hits you!
You die...

###.#.# ##...#.## #
#.......# +#
#.#..###..# .#
#.#...##..# .#
#.........# ##.##
##......#5# ##...##
#........# #.....#
##...###.####@..##..
#.#.# #...5h.....>#
#...###.###########
####...## #####


You could see Natasha and a crimson imp.

Vanquished Creatures
  A dart slug (D:1)
  A leopard gecko (D:1)
  2 bats (D:1)
  A giant cockroach (D:1)
  3 goblins (D:1)
  A hobgoblin (D:1)
  2 kobolds (D:1)
  A frilled lizard (D:1)
  4 rats (D:1)
16 creatures vanquished.

Notes
Turn   | Place    | Note
-------+----------+-------------------------------------------
     0 | D:1      | mopl the Mummy Enchanter began the quest for the Orb.
     0 | D:1      | Reached XP level 1. HP: 13/13 MP: 4/4
   242 | D:1      | Reached XP level 2. HP: 15/19 MP: 5/5
   246 | D:1      | Learned a level 2 spell: Ensorcelled Hibernation
   393 | D:1      | Reached skill level 3 in Hexes
   407 | D:1      | Reached skill level 3 in Spellcasting
   877 | D:2      | Noticed Natasha
   890 | D:2      | Noticed a crimson imp
   893 | D:2      | Killed from afar by Natasha

Skill      XL: |  1  2 |
---------------+-------+-----
Hexes          | 3 |  3.0
Spellcasting   | 3 |  3.0
Short Blades   | |  0.7
Dodging        | |  1.5
Stealth        | |  2.8
Ice Magic      | |  0.2

Action                   || total
-------------------------++-------
Melee: Dagger            ||    27
Throw: Stone             ||     1
 Cast: Corona            ||     6
       Ensorcelled Hiber ||     6
 Stab: Sleeping          ||    10
Armor: Robe              ||     5
Dodge: Dodged            ||    17
